 Dungeon Crawl Stone Soup version 0.24-a0-581-gc0fa660 (webtiles) character file.

Game seed: 10793863132600570317

755 CanOfBees the Caller (level 7, -2/40 HPs)
             Began as a Deep Elf Summoner on Aug 23, 2019.
             Was an Initiate of Sif Muna.
             Slain by a sky beast (6 damage)
             ... on level 5 of the Dungeon.
             The game lasted 00:15:26 (10934 turns).

CanOfBees the Caller (Deep Elf Summoner)           Turns: 10934, Time: 00:15:26

Health: -2/40      AC:  3    Str:  5    XL:     7   Next: 49%
Magic:  12/17      EV: 15    Int: 22    God:    Sif Muna [......]
Gold:   160        SH:  0    Dex: 15    Spells: 3/17 levels left

rFire    . . .     SeeInvis .   d - +0 spear (venom)
rCold    + . .     Gourm    .   (no shield)
rNeg     . . .     Faith    .   u - +0 robe
rPois    .         Spirit   .   (no helmet)
rElec    .         Reflect  .   (no cloak)
rCorr    .         Harm     .   (no gloves)
MR       +....                  C - +0 pair of boots
Stlth    ++........             (no amulet)
HPRegen  0.13/turn              n - ring of protection from cold
MPRegen  0.15/turn              x - ring of protection from magic

@: no status effects
A: no striking features
a: Renounce Religion


You were on level 5 of the Dungeon.
You worshipped Sif Muna.
Sif Muna was noncommittal.
You were not hungry.

You visited 2 branches of the dungeon, and saw 6 of its levels.

You collected 287 gold pieces.
You spent 127 gold pieces at shops.

Inventory:

Hand Weapons
 a - a +0 trident
 b - a +3 dagger of venom
 d - a +0 spear of venom (weapon)
 z - a +1 vampiric dagger
Missiles
 e - 133 stones (quivered)
 g - 102 arrows
 m - 64 bolts
 y - 7 boomerangs
Armour
 u - a +0 robe (worn)
 C - a +0 pair of boots (worn)
Jewellery
 h - a cursed ring of protection from fire
 l - an uncursed ring of flight
 n - a ring of protection from cold (left hand)
 x - a ring of protection from magic (right hand)
Scrolls
 f - a scroll of blinking {unknown}
 i - a scroll of enchant armour {unknown}
 j - a scroll of fog
 p - 2 scrolls of teleportation
 q - a scroll of remove curse
 t - a scroll of enchant weapon
 v - 3 scrolls of magic mapping
 B - a scroll of noise
Potions
 k - 3 potions of curing
 o - a potion of mutation {unknown}
 r - a potion of agility {unknown}
 w - a potion of cancellation
 A - a potion of berserk rage
 E - 2 potions of magic
Comestibles
 c - 7 rations
 s - a chunk of flesh


   Skills:
 + Level 2.6 Fighting
 + Level 4.9 Dodging
 - Level 2.4 Stealth
 + Level 5.5 Spellcasting
 + Level 5.8 Summonings
 * Level 2.5 Ice Magic
 - Level 3.0 Air Magic
 + Level 0.5 Invocations


You had 3 spell levels left.
You knew the following spells:

 Your Spells              Type           Power        Failure   Level  Hunger
a - Summon Small Mammal   Summ           ####         1%          1    None
b - Call Imp              Summ           ####....     1%          2    None
c - Call Canine Familiar  Summ           ####....     2%          3    ##.....
d - Summon Lightning Spi  Summ/Air       ####....     16%         4    ####...
e - Summon Ice Beast      Ice/Summ       ###.....     17%         4    ####...

Your spell library contained the following spells:

 Spells                   Type           Power        Failure   Level  Hunger
 Summon Guardian Golem    Hex/Summ       ###.....     9%          3    ##.....


Dungeon Overview and Level Annotations

Branches:
Dungeon (5/15)             Temple (1/1) D:4

Altars:
Ashenzari
Cheibriados
Dithmenos
Elyvilon
Fedhas
Hepliaklqana
Kikubaaqudgha
Makhleb
Nemelex Xobeh
Okawaru
Ru
Sif Muna
Trog
Uskayaw
Wu Jian
Xom
Yredelemnul

Shops:
D:4 ?:*((

Annotations:
D:5 exclusion: centaur


Message History

Confirm with . or Enter, or press ? or * to list all spells.
A beastly little devil appears in a puff of flame.
Your hound bites something.
Something hits you. Something shocks you. The bullfrog hits your crimson imp!
Your hound barely misses something.
You hit something. The bullfrog misses your crimson imp. Something hits you.
Something shocks you.
Your hound bites something.
The bullfrog hits your crimson imp.
Your crimson imp hits the bullfrog.
Something hits you. Something shocks you.
You closely miss something.
Your hound bites something.
The bullfrog barely misses your crimson imp.
Your hound barely misses something.
Your crimson imp blinks!
Something hits you. Something shocks you.
* * * LOW HITPOINT WARNING * * *
You closely miss something.
Your hound bites something.
Your crimson imp barely misses something.
Something hits you.
* * * LOW HITPOINT WARNING * * *
Something shocks you.
You die...

.#### #.#..#####....###.# ....#
#....#$?#.####.##.# ....#
######(F#.# #.##># ....#
####### #..###.# #.##.#
....###.....#### ###.####.##.#
......'.....'..# ..##.#..###.#
#...#.#.....##.###F. #.#..# #.#
##..........##.#5{# #.#'####.#
#..........##.#@h####.#....'.#
#.......''###.###....##.88.#.#
#.......#.....).#######.88.#.#
############..........##....#.#
.........# #..........#######.#
)........# #..........#.......#
.........# #............#####.#
.........#######.......## #)#
.......................## #.#


You could see a bullfrog, a friendly hound and a friendly crimson imp.

Vanquished Creatures
  A centaur (D:5)
  A howler monkey (D:4)
  A centaur zombie (D:5)
  An iguana (D:5)
  A gnoll (D:3)
  2 adders
  3 oozes (D:2)
  A worm (D:3)
  A leopard gecko (D:3)
  3 orcs
  8 bats
  4 giant cockroaches
  4 goblins
  2 hobgoblins
  3 jackals (D:3)
  3 quokkas
  2 ball pythons (D:3)
  A frilled lizard (D:2)
  2 kobolds
  A quokka skeleton (D:5)
  5 rats
50 creatures vanquished.

Vanquished Creatures (collateral kills)
  An ice beast (D:5)
  2 eyes of draining (D:4)
  An ogre (D:5)
  A scorpion (D:4)
  A crimson imp (D:5)
  An orc priest (D:4)
  3 jellies
  2 iguanas
  4 worker ants
  A worker ant zombie (D:5)
  2 gnolls
  9 adders
  7 oozes
  2 adder zombies (D:5)
  2 worms
  A leopard gecko (D:3)
  6 orcs
  A bat (D:3)
  A giant cockroach (D:1)
  A hobgoblin (D:2)
  2 frilled lizards
  4 goblins
  12 kobolds
  A leopard gecko zombie (D:5)
  2 rats
70 creatures vanquished.

Vanquished Creatures (others)
  9 fungi (D:2)
  3 toadstools (D:2)
12 creatures vanquished.

Grand Total: 132 creatures vanquished

Notes
Turn   | Place    | Note
-------+----------+-------------------------------------------
     0 | D:1      | CanOfBees the Deep Elf Summoner began the quest for the
                  | Orb.
     0 | D:1      | Reached XP level 1. HP: 10/10 MP: 6/6
   223 | D:1      | Reached XP level 2. HP: 16/16 MP: 8/8
   295 | D:1      | Learned a level 2 spell: Call Imp
  1231 | D:2      | Reached skill level 1 in Fighting
  1231 | D:2      | Reached XP level 3. HP: 20/20 MP: 1/10
  2052 | D:2      | Learned a level 3 spell: Call Canine Familiar
  2122 | D:2      | Reached XP level 4. HP: 18/25 MP: 5/11
  2433 | D:2      | Reached skill level 5 in Summonings
  3193 | D:2      | Learned a level 4 spell: Summon Lightning Spire
  4087 | D:3      | Found a sparkling altar of Nemelex Xobeh.
  5407 | D:3      | Reached XP level 5. HP: 27/30 MP: 13/13
  5716 | D:3      | Reached skill level 1 in Air Magic
  6496 | D:4      | Found Ereiclimuv's General Store.
  6528 | D:4      | Found a staircase to the Ecumenical Temple.
  6551 | Temple   | Entered the Ecumenical Temple
  7056 | D:4      | Reached XP level 6. HP: 26/35 MP: 10/15
  7464 | D:4      | Found Keepamos's Book Shoppe.
  7510 | D:4      | Found a hazy altar of Hepliaklqana.
  7857 | D:4      | Found Ilieqih's Weapon Boutique.
  7860 | D:4      | You fall into a shaft and drop 1 floor!
  7860 | D:5      | Entered Level 5 of the Dungeon
  8004 | D:5      | Reached skill level 5 in Spellcasting
  8276 | D:5      | Learned a level 4 spell: Summon Ice Beast
  8287 | D:5      | Found an ancient bone altar of Kikubaaqudgha.
  8437 | D:5      | Found a shadowy altar of Dithmenos.
  9009 | D:5      | Reached skill level 1 in Ice Magic
  9037 | D:5      | Noticed an ice beast
  9066 | D:5      | Killed an ice beast
  9066 | D:5      | Reached XP level 7. HP: 14/40 MP: 6/16
  9493 | D:4      | Found a bloodstained altar of Trog.
  9518 | D:4      | Found Zesaxe's Antique Weapon Shoppe.
  9523 | D:4      | Bought a runed spear for 114 gold pieces
  9655 | D:4      | Found Taczaq's Magic Scroll Shop.
  9663 | D:4      | Bought a scroll of random uselessness for 13 gold pieces
  9743 | D:4      | Found a shimmering blue altar of Sif Muna.
  9746 | D:4      | Became a worshipper of Sif Muna the Loreminder
 10934 | D:5      | Slain by a sky beast

Levels and vault maps discovered:
D:1:      lemuel_arrival_broad_hall, layout_basic
D:2:      cheibrodos_fertilizer, layout_loops_ring, serial_co_window_serial,
          co_window_paths_a, co_window_paths_a, co_window_paths_a,
          co_window_of_opportunity_a, co_window_corner_a, co_window_corner_a,
          co_window_corner_a, co_window_unsneaky_path_e, co_window_cross_4,
          co_window_2corner, co_window_corner_ca, glass_columns_b,
          glass_columns_a, minmay_misc_feat_four_crosses
D:3:      kennysheep_six_static_rooms, layout_loops_corners,
          nemelex_xobeh_ov_fountains_minmay
D:4:      layout_basic, kennysheep_mini, nicolae_overflow_crystal_walls,
          trog_eyes_of_draining, minmay_temple_entry_overgrown, first_ration,
          serial_shops, nicolae_shop_stone, nicolae_shop_statue_plus, shop,
          nicolae_shop_overgrown_old_shop, kennysheep_mini_moat
D:5:      minmay_chambers_of_fours, layout_basic,
          nicolae_gozag_cash_rules_everything_around_me, old_standard_altar,
          lemuel_round_altar
Temple:   minmay_temple_curvy_loop

Skill      XL: |  1  2  3  4  5  6  7 |
---------------+----------------------+-----
Fighting       | 1 2 |  2.6
Dodging        | 3 4 |  4.9
Spellcasting   | 4 5 |  5.5
Summonings     | 5 |  5.8
Air Magic      | 2 3 |  3.0
Ice Magic      | 1 2 |  2.5
Stealth        | |  2.4
Invocations    | |  0.5

Action                   |  1- 3 |  4- 6 |  7- 9 || total
-------------------------+-------+-------+-------++-------
Melee: Whip              |    27 |       |       ||    27
       Unarmed           |     1 |       |       ||     1
       Short sword       |    29 |       |       ||    29
       Dagger            |    15 |   124 |       ||   139
       Trident           |       |     9 |     1 ||    10
       Spear             |       |       |    13 ||    13
Throw: Stone             |     2 |    14 |     5 ||    21
 Cast: Summon Small Mamm |    14 |       |       ||    14
       Call Imp          |    21 |    26 |    10 ||    57
       Call Canine Famil |     1 |    22 |     8 ||    31
       Summon Lightning  |       |     2 |     2 ||     4
  Use: Scroll            |       |    12 |     1 ||    13
       Potion            |       |     2 |       ||     2
 Stab: Sleeping          |     4 |     5 |       ||     9
       Distracted        |       |     2 |       ||     2
       Invisible         |       |     2 |       ||     2
  Eat: Chunk             |     3 |    17 |     1 ||    21
       Ration            |       |     2 |     2 ||     4
Armor: Robe              |    27 |    21 |       ||    48
Dodge: Dodged            |    66 |   116 |     6 ||   188

Table legend:
 A = Non-vault XP
 B = Vault XP
 C = Vault XP percentage of total XP
 D = Non-vault monster count
 E = Vault monster count
 F = Vault count percentage of total count
                 A         B        C        D         E       F
            +---------+---------+-------+---------+---------+-------
      Total |     763 |     316 |  29.3 |      89 |      31 |  25.8
            +---------+---------+-------+---------+---------+-------
        D:1 |      17 |       0 |   0.0 |      13 |       0 |   0.0
        D:2 |      40 |      96 |  70.6 |      16 |      18 |  52.9
        D:3 |      66 |      32 |  32.7 |      25 |       6 |  19.4
        D:4 |     205 |     135 |  39.7 |      16 |       4 |  20.0
        D:5 |     435 |      53 |  10.9 |      19 |       3 |  13.6
            +---------+---------+-------+---------+---------+-------
